Cogmind - Beta 11 @@@ ROGUE MODE // 2022.03.26 @ 12:21:30 Player: Ordo Result: Destroyed by G-34 Mercenary with Small Laser Performance ------------- Evolutions (0) 0 Regions Visited (1) 200 Robots Destroyed (17) 85 Value Destroyed (352) 352 Prototype IDs (0) 0 Alien Tech Used (0) 0 Bonus (8) 8 TOTAL SCORE: 645 Bonus ------- High Alert Combat Kills 8 Cogmind --------- Core Integrity 0/250 Matter 290/300 Energy 236/250 System Corruption 0% Temperature Cool (70) Movement Walking (120) Location -10/Materials Parts ------- > --- POWER (1) -------- Ion Engine > --- PROPULSION (2) --- Aluminum Leg Aluminum Leg > --- UTILITY (2) ------ Heat Sink Small Storage Unit > --- WEAPON (2) ------- Small Laser Small Laser > --- INVENTORY (8) ---- Ion Engine Compact Wheel Light Assault Rifle Peak State ------------ > --- POWER ------------ Light Nuclear Core > --- PROPULSION ------- Wheel Wheel > --- UTILITY ---------- Heat Sink Small Storage Unit > --- WEAPON ----------- Small Laser Particle Gun > --- INVENTORY -------- Ion Engine Ion Engine Wheel Compact Wheel Compact Wheel Heat Sink Small Laser Light Assault Rifle [Rating: 10] Favorites ----------- Power Ion Engine Engine Ion Engine Power Core Light Nuclear Core Propulsion Wheel Leg Aluminum Leg Wheel Wheel Utility Small Storage Unit Device Seismic Detector Storage Small Storage Unit Weapon Small Laser Energy Gun Small Laser Energy Cannon Beam Cannon Ballistic Gun Light Assault Rifle Build | -11 -10 ------- Run | Scr Mat Slots Evolved . | . . Power . | . . Propulsion . | . . Utility . | . . Weapon . | . . Parts Attached 27 | 8 19 Power 3 | 1 2 Engine 2 | 1 1 Core 1 | . 1 Reactor . | . . Propulsion 10 | 2 8 Treads . | . . Leg 4 | 2 2 Wheel 6 | . 6 Hover . | . . Flight . | . . Utility 5 | 3 2 Device 4 | 2 2 Storage 1 | 1 . Processor . | . . Hackware . | . . Protection . | . . Artifact . | . . Weapon 9 | 2 7 Energy Gun 7 | 2 5 Energy Cannon 1 | . 1 Ballistic Gun 1 | . 1 Ballistic Cannon . | . . Launcher . | . . Special Weapon . | . . Impact Weapon . | . . Slashing Weapon . | . . Piercing Weapon . | . . Special Melee Weapon . | . . Unidentified Prototypes . | . . Parts Lost 9 | . 9 Power 1 | . 1 Propulsion 3 | . 3 Utility 2 | . 2 Weapon 3 | . 3 Highest Loss Streak 6 | . 6 To Critical Strikes . | . . Average Slot Usage (%) 95 | . 95 Engine 11 | . 11 Core 2 | . 2 Leg 2 | . 2 Wheel 24 | . 24 Device 11 | . 11 Storage 14 | . 14 Energy Gun 23 | . 23 Energy Cannon 2 | . 2 Ballistic Gun 1 | . 1 Naked Turns . | . . Heaviest Build 17 | 14 17 Greatest Support 26 | 20 26 Greatest Overweight (x) 1 | 1 1 Average Overweight (x) . | . . Largest Inventory Capacity 8 | 8 8 Average Capacity 7 | 7 8 Most Carried 8 | 8 8 Average Carried 6 | 5 7 Final Capacity 8 | 8 8 Final Carried 8 | 8 3 Class Distribution -------------------- 72% | Mutant 27% | Scavenger-Mutant Dominant Class ---------------- Mutant | -10/Materials Resources | -11 -10 ----------- Run | Scr Mat Matter Collected 454 | 280 174 Remotely . | . . Salvage Created 675 | 174 501 Parts 41 | 13 28 Haulers Intercepted . | . . Recyclers Shooed 1 | . 1 Parts Field Recycled . | . . Retrieved Matter . | . . Parts Self-Destructed . | . . Prevented . | . . Kills | -11 -10 ------- Run | Scr Mat Combat Hostiles Destroyed 6 | . 6 Guns 5 | . 5 Cannons 1 | . 1 Classes Destroyed 6 | 3 3 Worker 1 | 1 . Builder 2 | . 2 Tunneler 3 | 3 . Recycler 3 | 1 2 Watcher 2 | . 2 Grunt 6 | . 6 Best Kill Streak 4 | 3 4 Combat Bots Only 2 | . 2 Max Kills in Single Turn 1 | 1 1 Gunslinging . | . . Exploded . | . . Melee . | . . Uniques/NPCs Destroyed . | . . Combat | -11 -10 -------- Run | Scr Mat Damage Taken 914 | . 914 Core 252 | . 252 Absorbed by Shields . | . . Core Remaining (%) 100 | 100 . Volleys Fired 71 | 16 55 Largest 2 | 2 2 Hottest 125 | 80 125 Shots Fired 138 | 32 106 Gun 126 | 32 94 Cannon 12 | . 12 Launcher . | . . Special . | . . Kinetic 14 | . 14 Thermal 91 | 16 75 Explosive . | . . Electromagnetic 33 | 16 17 Robot Hit Streak 10 | 10 7 Robot Miss Streak 6 | 3 6 Penetration Max . | . . Secondary Targets . | . . Shots Hit Robots 76 | 21 55 Core Hits 27 | 6 21 Critical Kills . | . . Critical Parts Destroyed . | . . Critical Strikes 1 | . 1 Burn 1 | . 1 Melee Attacks . | . . Impact . | . . Slashing . | . . Piercing . | . . Sneak Attacks . | . . Combat Hostiles . | . . Follow-up Attacks . | . . Damage Inflicted 1167 | 255 912 Guns 895 | 255 640 Cannons 139 | . 139 Explosions 133 | . 133 Melee . | . . Ramming . | . . Kinetic 91 | . 91 Thermal 794 | 112 682 Explosive 49 | . 49 Electromagnetic 233 | 143 90 Impact . | . . Slashing . | . . Piercing . | . . Highest Corruption . | . . Average Corruption . | . . Corruption Purged . | . . Corruption Blocked . | . . Overload Shots . | . . Overflow Damage 2 | . 2 Projectiles . | . . Explosions 2 | . 2 Melee . | . . Knockbacks . | . . Impact . | . . Kinetic . | . . Secondary . | . . Self-Inflicted Damage 119 | . 119 Shots 2 | . 2 Rammed . | . . Targets Rammed . | . . Kicked . | . . Crushed . | . . Highest Temperature 439 | 108 439 Average Temperature 84 | 37 97 Received Heat Transfer 450 | . 450 Effects 5 | . 5 Shutdowns 1 | . 1 Interference 3 | . 3 Short Circuit 1 | . 1 Siege Activations . | . . Robots Corrupted . | . . Combat Hostiles . | . . Parts Fried . | . . Impact Corruptions . | . . Robots Melted . | . . Combat Hostiles . | . . Parts Melted 1 | . 1 Heat Transferred 1764 | 250 1514 Parts Sabotaged . | . . Parts Stolen . | . . Parts Stripped . | . . Power Chain Reactions 1 | . 1 Missiles Intercepted . | . . Alert | -11 -10 ------- Run | Scr Mat Peak Influence 407 | 25 407 Initial 16 | . 16 Average 151 | 8 245 Maximum Alert Level 2 | . 2 Low Security (%) 61 | 100 36 Level 1 37 | . 62 Level 2 . | . . Level 3 . | . . Level 4 . | . . Level 5 . | . . High Security . | . . Max Security . | . . Squads Dispatched 2 | . 2 Investigation . | . . Extermination . | . . Reinforcement 2 | . 2 Assault . | . . Garrison . | . . Intercept . | . . Searches Triggered . | . . Construction Impeded . | . . Haulers Reinforced . | . . Active Scanning Responses . | . . Cargo Convoy Interrupts . | . . Stealth | -11 -10 --------- Run | Scr Mat Distress Signals 4 | . 4 Communications Jammed . | . . Distress Signals . | . . Times Spotted 20 | . 20 Peak Tracking Total 6 | . 6 Tactical Retreats 1 | . 1 Traps | -11 -10 ------- Run | Scr Mat Traps Triggered . | . . Indirectly . | . . Trap Hack Attempts . | . . Triggered . | . . Disarmed . | . . Reprogrammed . | . . Reused . | . . Traps Extracted . | . . Installed . | . . Triggered . | . . Machines | -11 -10 ---------- Run | Scr Mat Machines Disabled 4 | . 4 Max in Single Turn 2 | . 2 Machines Sabotaged . | . . Garrisons Compromised . | . . Overloaded Fab Kills . | . . Hacking | -11 -10 --------- Run | Scr Mat Machines Accessed 1 | . 1 Terminals . | . . Fabricators . | . . Repair Stations . | . . Recycling Units 1 | . 1 Scanalyzers . | . . Garrison Access . | . . Total Hacks 3 | . 3 Successful 2 | . 2 Failed 1 | . 1 Catastrophic . | . . Database Lockouts . | . . Manual . | . . Terminals . | . . Fabricators . | . . Repair Stations . | . . Recycling Units 3 | . 3 Scanalyzers . | . . Garrison Access . | . . Terminal Hacks . | . . Fabricator Hacks . | . . Repair Station Hacks . | . . Recycling Unit Hacks 2 | . 2 Report Inventory 1 | . 1 Retrieve Components 1 | . 1 Scanalyzer . | . . Garrison Access Hacks . | . . Unauthorized Hacks . | . . Terminals . | . . Fabricators . | . . Repair Stations . | . . Recycling Units . | . . Scanalyzers . | . . Garrison Access . | . . Data Cores Recovered . | . . Used . | . . Hacking Detections 1 | . 1 Full Trace Events . | . . Feedback Events . | . . Feedback Blocked . | . . Robot Schematics Acquired . | . . Robots Built . | . . Authchips . | . . Time . | . . Total Robot Build Rating . | . . Part Schematics Acquired . | . . Parts Built . | . . Authchips . | . . Time . | . . Total Part Build Rating . | . . Parts Repaired . | . . Time . | . . Parts Recycled . | . . Recycled Matter . | . . Retrieved Matter . | . . Retrieved Components 6 | . 6 Parts Scanalyzed . | . . Part Schematics Acquired . | . . Parts Damaged . | . . Bothacking | -11 -10 ------------ Run | Scr Mat Used RIF Installer . | . . Robots Hacked . | . . Non-combat . | . . Combat . | . . Robot Hacks Applied . | . . Relay Couplers Released . | . . Fabnet Peak Effective % . | . . Robots Rewired . | . . Allies Hacked . | . . Hacks Repelled . | . . Allies | -11 -10 -------- Run | Scr Mat Total Allies . | . . Largest Group . | . . Highest-Rated Group . | . . Highest-Rated Ally . | . . Total Orders . | . . Ally Attacks . | . . Total Damage . | . . Kills . | . . Allies Corrupted . | . . Allies Melted . | . . Intel | -11 -10 ------- Run | Scr Mat Robot Analysis Total . | . . Derelict Logs Recovered . | . . Drone Launches . | . . Drone Recoveries . | . . Exploration | -11 -10 ------------- Run | Scr Mat Turns Passed 736 | 292 444 Spaces Moved 389 | 122 267 Core 4 | 4 . Treads . | . . Legs 138 | 118 20 Wheels 247 | . 247 Hover . | . . Flight . | . . Fastest Speed 50 | 50 80 Average Speed 94 | 118 83 Slowest Speed 190 | 120 190 Overloaded Moves . | . . Propulsion Burnouts . | . . Robots Hopped . | . . Cave-ins Triggered . | . . Exploration Rate (%) 27 | 12 42 Regions Visited 1 Branch Regions . Pre-discovered Areas . | . . Known Exits Taken . | . . Unknown Exits Taken 1 | 1 . Scrap Searched . | . . Spaces Dug . | . . Terrain Destroyed 42 | . 42 Melee . | . . Projectile . | . . AOE 42 | . 42 Terrain Rammed . | . . Walls Destroyed . | . . Machines Disabled . | . . Actions | -11 -10 --------- Run | Scr Mat Total 625 | 240 385 Wait 93 | 70 23 Move 388 | 121 267 Hop . | . . Pick Up 31 | 20 11 Fast Attach 3 | . 3 Attach 17 | 8 9 Detach . | . . Swap 7 | . 7 Drop 15 | 5 10 Fire 71 | 16 55 Melee . | . . Ram . | . . Kick . | . . Crush . | . . Escape Stasis . | . . Rewire . | . . Trap . | . . Miscellaneous . | . . Route ------- -11/Scrapyard -10/Materials (discovered 1 exit: [*Min]) History --------- Turn | Location | Event 10 | -11/Scrapyard | Discovered new exit (range 16) 293 | -11/Scrapyard | Entered Materials 316 | -10/Materials | Build established: Mutant 341 | -10/Materials | Discovered new exit (range 11) 671 | -10/Materials | Core integrity fell below 50% 728 | -10/Materials | Lost 6 parts (1p3n1u1w) 731 | -10/Materials | Core integrity fell below 20% 737 | -10/Materials | Destroyed by G-34 Mercenary with Small Laser Last Messages --------------- Overheating: System interference. Sml. Laser temporarily disabled. Particle Gun temporarily disabled. Heat Sink destroyed. Power failure, Ion Engine shutdown. R-06 Scavenger collects Heat Sink. Com. Wheel broken. Overheating: Short circuit. Acquired 40 matter. Acquired Aluminum Leg. R-06 Scavenger collects Aluminum Leg. Overheating: System interference. Heat Sink temporarily disabled. Acquired 10 matter. Wheel destroyed. Acquired Aluminum Leg. Acquired 10 matter. Atomic Centrifuge disabled. Particle Gun destroyed. Atomic Centrifuge disabled. Map ----- +----------------------------------------------------+ | ???????###### #???????###### ####"!!!"##??????? | | ???????# ##+#####?? # # #"" ""#??????? | | ???????# # #?? """ # #??????? | | ???????# # """## """ # < #??????? | | ???????# + """## "" # #??????? | | # """## """ # #?#????? | | # ## ! # #? #????? | | # ## % #?# ### #????? | | ##+################??###+ ## ### ##???? | | ?????????????????????# #???? | | ?????????????????????# #???? | | ?????????????????????# #???? | | ?????????????????????# ####+####### #???? | | ?????????????????????# # #???? #???? | | ?????????????????????# + #?????????? | | ??????????????????#### ###### #?????????? | | ??????????????????+ #????# """ #?????????? | | ? ????????????#####+#####?# """"" #?????????? | | ??????????# #?# """"" #?????????? | | #??????????# u #?# """"" #?????????? | | " ""?????????# ! #?# """ ?#?????????? | | " T"?????????# #?# ???????????? | | " "??????????# """ """ #?#########??????????? | | ############ """ """ #????????????????????? | | ## # ""g "" #????????????????????? | | ## # g @ #????????????????????? | | ## ###+#######????????????????????? | | " ## """ """ #?# #??????????????????????????? | | ## """ """ ###=###############+######?????? | | " ## """ """ + *% = #?????? | | ## ## !! #?????? | | ^ #######+##### % #?????? | | ##### %% ####+#####+####### #?????? | | * % %%* # ## = #????? #?????? | | % + ## ## #?????? | | != % # === ## """ + +?????? | | "#"Y"####### # === ## """ ## #?????? | | ##"""#?????## ## == ## """ #????? #?????? | | ?#####??????# ## ## #?????????#?????? | | ????????????# ## #########???????????????? | | ????????????# ## #???????????????????????? | | ????????????# ## #???????????????????????? | | ????????????# ## #???????????????????????? | | ????????????# ## #???????????????????????? | | ????????????# ##########???????????????????????? | | ????????????# #????????????????????????????????? | | ????????????# #????????????????????????????????? | | ????????????# #????????????????????????????????? | | ????????????# #????????????????????????????????? | | ????????????# ?????????????????????????????????? | +----------------------------------------------------+ Best States ------------- Heat Dissipation 35 Energy Generation 14 Energy Capacity 250 Matter Stores 300 Matter Capacity 300 Sight Range 16 Terrain Scan Range 16 Terrain Scan Density 10 Evasion (%) 55 Item Schematics ----------------- None Robot Schematics ------------------ None Fabricated ------------ Nothing Alien Tech Used ----------------- None Achievements -------------- None Challenges ------------ None Game ------ Seed ColdConcussiveNetwork Manual? 0 Play Time 00:19:12 Cumulative 7.6 hours Start 2022.03.26 @ 12:03:17 End 2022.03.26 @ 12:21:30 Sessions 1 Manual Loads 0 Difficulty Rogue Special Mode None Game No. 10 Rogue 10 Adventurer 0 Explorer 0 Win Type - Total 0 Types 0/0/0/0/0/0/0/0/0 Lore% 9 Gallery% 9 Achievement% 14 Wizard Run 0 Options --------- ASCII 0 Keyboard 0 Movement Mouse Keybinds 0 Fullscreen 1 Font 18/SmallcapsGlow Map View 76x50 Tactical HUD 0 Map Filters NONE Filters NONE Steam 1 RUN: 93baa4f6-54be-45fb-8e61-86df0c1aea22